 Dungeon Crawl Stone Soup version 0.20-a0-910-gb611367 (webtiles) character file.

100 Hide the Insei (level 4, 0/28 HPs)
             Began as an Octopode Transmuter on Mar 25, 2017.
             Killed from afar by an orc wizard (4 damage)
             ... with a puff of flame
             ... on level 3 of the Dungeon.
             The game lasted 00:13:37 (3081 turns).

Hide the Insei (Octopode Transmuter)                Turns: 3081, Time: 00:13:40

Health: 0/28       AC:  1    Str:  9    XL:     4   Next: 74%
Magic:  2/7        EV: 13    Int: 16    God:
Gold:   193        SH:  0    Dex: 12    Spells: 2/8 levels left

rFire    + . .     SeeInvis .     - Unarmed
rCold    x . .     Gourm    .   (no shield)
rNeg     . . .     Faith    .   (helmet restricted)
rPois    .         Spirit   .   (no amulet)
rElec    .         Reflect  .   d - ring of fire
rCorr    .         Harm     .   (no ring)
MR       .....                  (no ring)
Stlth    +++.......             (no ring)
Regen    0.1/turn               (no ring)
MPRegen  0.1/turn               (no ring)
                                (no ring)
                                (no ring)

@: very slightly contaminated
A: almost no armour, stealthy swim, amphibious, 8 rings, constrict 8, camouflage
1, gelatinous body 1
a: no special abilities


You were on level 3 of the Dungeon.
You were not hungry.

You visited 1 branch of the dungeon, and saw 3 of its levels.

You collected 193 gold pieces.

Inventory:

Missiles
 a - 37 arrows
Jewellery
 d - a ring of fire (left tentacle)
 p - a cursed ring of protection from magic {unknown}
Scrolls
 e - 6 scrolls of identify
 f - a scroll of fear
 g - a scroll of magic mapping
 h - 2 scrolls of teleportation
 o - 2 scrolls of amnesia
Potions
 j - a potion of heal wounds
 k - a potion of curing {unknown}
 l - a potion of berserk rage {unknown}
 m - a potion of magic {unknown}
Books
 b - a book of Changes

   Spells                             Type                      Level
   a - Beastly Appendage              Transmutation                1
   b - Sticks to Snakes               Transmutation                2
   c - Spider Form                    Transmutation/Poison         3
   d - Ice Form                       Ice/Transmutation            4
   e - Blade Hands                    Transmutation                5
Comestibles
 c - 2 bread rations
 i - a royal jelly
 n - a meat ration


   Skills:
 - Level 1.1 Fighting
 - Level 2.1 Dodging
 - Level 1.1 Stealth
 * Level 4.6 Unarmed Combat
 + Level 2.6 Spellcasting
 - Level 2.0 Transmutations


You had 2 spell levels left.
You knew the following spells:

 Your Spells              Type           Power        Failure   Level  Hunger
a - Beastly Appendage     Tmut           #.....       10%         1    #......
b - Sticks to Snakes      Tmut           #.......     14%         2    ##.....
c - Spider Form           Tmut/Pois      #.........   38%         3    ###....


Dungeon Overview and Level Annotations

Branches:
Dungeon (3/15)

Altars:

Annotations:
D:3 Phroggus's ghost, amateur BaFi


Innate Abilities, Weirdness & Mutations

You cannot wear most types of armour.
You are very stealthy in the water. (Stealth+)
You are amphibious.
You can wear up to eight rings at the same time.
You can use your tentacles to constrict eight enemies at once.
Your skin changes colour to match your surroundings (Stealth+).
Your rubbery body absorbs attacks. (AC +1, EV +1)


Message History

Something hits you but does no damage.
You hear some strange, mumbled words.
You swap places.
You release your grip on something.
Something misses your adder. Something hits you.
* * * LOW HITPOINT WARNING * * *
Your adder barely misses something.
Something hits your adder.
Your adder closely misses something.
Something hits your adder but does no damage.
Something hits you.
* * * LOW HITPOINT WARNING * * *
Your adder misses something. Something hits you.
* * * LOW HITPOINT WARNING * * *
You hear some strange, mumbled words.
A puff of frost appears from out of thin air!
The puff of frost misses you.
Your adder closely misses something.
You hear some strange, mumbled words.
A puff of flame appears from out of thin air!
The puff of flame hits you! You resist.
You die...

#.# #.. #....# #.#
#######...#....# ### #.#
#.....#...#....# ..#. #.#
#.....#...#....###.#.
#)####..............'.....
#.........##........###.#.
######S...###.......###.#.
#...)# #...#....##.#.
#######...@###...#....##.#.
#......#'#>............).<.
#......#.#.###...#.....).#.
#......'.#.# #...#....####.
#......###.# #...#....# ##
######.....###...#....#
####........#....#
#.####...#.#### #.# ##.##.#


You could see a friendly adder.

Vanquished Creatures
  An orc priest (D:3)
  An adder (D:3)
  An ooze (D:3)
  3 dart slugs (D:1)
  5 orcs
  3 giant cockroaches
  2 goblins
  4 hobgoblins
  2 jackals (D:3)
  7 bats
  4 frilled lizards
  4 kobolds
  6 rats
43 creatures vanquished.

Vanquished Creatures (collateral kills)
  An orc (D:3)
  A hobgoblin (D:2)
2 creatures vanquished.

Grand Total: 45 creatures vanquished

Notes
Turn   | Place    | Note
-------+----------+-------------------------------------------
     0 | D:1      | Hide the Octopode Transmuter began the quest for the Orb.
     0 | D:1      | Reached XP level 1. HP: 13/13 MP: 3/3
   223 | D:1      | Reached XP level 2. HP: 17/18 MP: 5/5
   925 | D:1      | Learned a level 2 spell: Sticks to Snakes
  1084 | D:2      | Reached skill level 1 in Stealth
  1084 | D:2      | Reached XP level 3. HP: 23/23 MP: 6/6
  1552 | D:2      | Learned a level 3 spell: Spider Form
  1740 | D:2      | Reached skill level 4 in Unarmed Combat
  2165 | D:3      | Reached XP level 4. HP: 24/28 MP: 2/7
  2520 | D:3      | Noticed Phroggus's ghost (amateur BaFi)
  3081 | D:3      | Killed from afar by an orc wizard

Vault maps used:
D:1:      denvon_arrival_hothouse
D:2:      minmay_misc_feat_x, minmay_tree_intersection, minmay_tetromino_l4
D:3:      gammafunk_temple_overflow_pools, led_xom_imps

Skill      XL: |  1  2  3 |
---------------+----------+-----
Stealth        | 1 |  1.1
Unarmed Combat | 4 |  4.6
Fighting       | |  1.1
Dodging        | |  2.1
Spellcasting   | |  2.6
Transmutations | |  2.0

Action                   |  1- 3 |  4- 6 || total
-------------------------+-------+-------++-------
Melee: Unarmed           |    69 |    35 ||   104
       Constrict         |    25 |     5 ||    30
       Tentacles         |    18 |     3 ||    21
       Punch             |     4 |     2 ||     6
       Kick              |       |     1 ||     1
 Cast: Sticks to Snakes  |     5 |     5 ||    10
       Beastly Appendage |     2 |     1 ||     3
       Spider Form       |       |     1 ||     1
  Use: Scroll            |     8 |       ||     8
 Stab: Sleeping          |     3 |       ||     3
  Eat: Chunk             |     4 |     1 ||     5
       Meat ration       |       |     1 ||     1
Armor: Skin              |     6 |     2 ||     8
Dodge: Dodged            |    47 |    10 ||    57
